 Dungeon Crawl Stone Soup version 0.30-a0-652-gcc886f7154 (webtiles) character file.

Game seed: 3901472295686615519

4499 pokeman the Thaumaturge (level 10, -6/53 HPs)
             Began as a Deep Elf Hedge Wizard on Jan 18, 2023.
             Was a Believer of Vehumet.
             Mangled by a two-headed ogre
             ... wielding a +0 giant club
              (20 damage)
             ... on level 8 of the Dungeon.
             The game lasted 00:20:42 (9938 turns).

pokeman the Thaumaturge (Deep Elf Hedge Wizard)     Turns: 9938, Time: 00:20:43

Health: -6/53      AC:  8    Str: 11    XL:     10   Next: 16%
Magic:  26/28      EV: 12    Int: 30    God:    Vehumet [**....]
Gold:   190        SH:  0    Dex: 14    Spells: 25/34 levels left

rFire   . . .      SeeInvis .    K - +7 longbow of the Living Dead {heavy, Str+2}
rCold   . . .      Faith    .    (shield currently unavailable)
rNeg    . . .      Spirit   .    O - +0 leather armour {Will+}
rPois   .          Reflect  .    v - +0 helmet
rElec   .          Harm     .    (no cloak)
rCorr   .          Rampage  .    (no gloves)
Will    ++...                    (no boots)
Stlth   ++                       (no amulet)
HPRegen 0.28/turn                r - +4 ring of protection
MPRegen 0.21/turn                c - ring "Nub Nym" {Str+2 Int+6}

@: no status effects
A: no striking features
a: Renounce Religion


You were on level 8 of the Dungeon.
You worshipped Vehumet.
Vehumet was pleased with you.
You visited 2 branches of the dungeon, and saw 9 of its levels.
You also visited: Sewer.

You collected 403 gold pieces.
You spent 213 gold pieces at shops.

Inventory:

Hand Weapons
 n - a +2 sling of electrocution
 K - the +7 longbow of the Living Dead (weapon) {heavy, Str+2}
   (You found it on level 6 of the Dungeon)

   Str:       It affects your strength (+2).
 M - a +2 shortbow of draining
Missiles
 u - 3 curare-tipped darts
Armour
 v - a +0 helmet (worn)
 G - a +0 buckler
 O - a +0 leather armour of willpower (worn)
Magical Staves
 m - a staff of air
Jewellery
 c - the ring "Nub Nym" (right hand) {Str+2 Int+6}
   (You found it on level 4 of the Dungeon)

   [ring of intelligence]

   Str:       It affects your strength (+2).
   Int:       It affects your intelligence (+6).
 r - a +4 ring of protection (left hand)
Wands
 k - a wand of polymorph (10)
 H - a wand of roots (6)
Scrolls
 a - 3 scrolls of acquirement {unknown}
 e - 15 scrolls of identify
 f - a scroll of amnesia {unknown}
 g - 3 scrolls of teleportation
 p - 2 scrolls of brand weapon {unknown}
 w - 3 scrolls of immolation {unknown}
 y - 2 scrolls of enchant weapon {unknown}
 z - a scroll of noise {unknown}
 A - 4 scrolls of fear {unknown}
 D - 3 scrolls of enchant armour {unknown}
 E - 3 scrolls of blinking
 I - a scroll of torment {unknown}
 L - a scroll of magic mapping {unknown}
 N - a scroll of fog {unknown}
Potions
 d - 3 potions of magic
 h - 3 potions of ambrosia {unknown}
 i - 5 potions of curing {unknown}
 j - 2 potions of heal wounds {unknown}
 l - a potion of brilliance {unknown}
 o - 2 potions of invisibility {unknown}
 q - a potion of berserk rage {unknown}
 s - a potion of flight {unknown}
 t - a potion of haste {unknown}
 x - 2 potions of might {unknown}
 B - a potion of mutation {unknown}
 C - 3 potions of lignification {unknown}
 F - a potion of cancellation {unknown}
 J - a potion of attraction {unknown}


   Skills:
 + Level 2.1 Fighting
 - Level 3.0 Armour
 - Level 3.0 Dodging
 - Level 3.1 Stealth
 - Level 3.0 Shields
 * Level 12.5 Spellcasting
 + Level 7.1 Conjurations
 + Level 5.9 Summonings
 - Level 1.1 Translocations
 + Level 3.9 Fire Magic
 - Level 1.0 Air Magic
 - Level 1.0 Poison Magic
 - Level 2.1 Evocations


You had 25 spell levels left.
You knew the following spells:

 Your Spells              Type           Power      Damage    Failure   Level
a - Magic Dart            Conj           100%       1d8       1%          1
b - Mephitic Cloud        Conj/Pois/Air  37%        N/A       3%          3
c - Call Imp              Summ           53%        N/A       1%          2
d - Blink                 Tloc           50%        N/A       3%          2
e - Foxfire               Conj/Fire      100%       2x1d9     1%          1

Your spell library contained the following spells:

 Spells                   Type           Power      Damage    Failure   Level
 Searing Ray              Conj           100%       2d8       1%          2
 Summon Small Mammal      Summ           100%       N/A       1%          1
 Apportation              Tloc           50%        N/A       2%          1
 Necrotise                Necr           72%        1d7       3%          1
 Slow                     Hex            72%        N/A       3%          1
 Poisonous Vapours        Pois/Air       50%        N/A       3%          2
 Cigotuvi's Dreadful Rot  Necr/Pois/Air  44%        N/A       4%          2


Dungeon Overview and Level Annotations

Branches:
Dungeon (8/15)             Temple (1/1) D:6           Sewer (visited)
   Lair: D:8-11

Altars:
Ashenzari
Cheibriados
Dithmenos
Fedhas
Gozag
Hepliaklqana
Kikubaaqudgha
Makhleb
Nemelex Xobeh
Qazlal
Trog
Uskayaw
Vehumet
Wu Jian
Xom
Yredelemnul
The Shining One

Shops:
D:5 ??


Message History

Found a hide-covered altar of Uskayaw.
You now have 190 gold pieces (gained 5).
Found an escape hatch in the floor.
There is an escape hatch in the floor here.
A two-headed ogre comes into view.
It is wielding a +0 giant club and a +0 giant spiked club.
The two-headed ogre shouts in stereo!
Casting: Foxfire (safe; 1% risk of failure)
Confirm with . or Enter, or press ? or * to list all spells.
Aiming: Mephitic Cloud (dangerous; 3% risk of failure)
Press: ? - help, Shift-Dir - straight line The ball explodes into a vile cloud!
The stinking cloud engulfs the two-headed ogre but does no damage.
The two-headed ogre is engulfed in noxious fumes.
Fire: K) +7 longbow of the Living Dead {heavy, Str+2}
Press: ? - help, Q - select action, (/) - cycle Shift-Dir - straight line, f - two-headed ogre
Aim: a two-headed ogre, wielding a +0 giant club and a +0 giant spiked club (noxious fumes, 78% to hit)
You shoot an arrow. The arrow hits the two-headed ogre!!
The two-headed ogre is moderately wounded.
The two-headed ogre is engulfed in noxious fumes.
The two-headed ogre appears confused.
The two-headed ogre is engulfed in noxious fumes.
Fire: K) +7 longbow of the Living Dead {heavy, Str+2}
Press: ? - help, Q - select action, (/) - cycle Shift-Dir - straight line, f/p - two-headed ogre
Aim: a two-headed ogre, wielding a +0 giant club and a +0 giant spiked club (moderately wounded, confused, 87% to hit)
You shoot an arrow. The arrow hits the two-headed ogre!
The two-headed ogre is heavily wounded.
The two-headed ogre hits you but does no damage.
The two-headed ogre closely misses you.
Fire: K) +7 longbow of the Living Dead {heavy, Str+2}
Press: ? - help, Q - select action, (/) - cycle Shift-Dir - straight line, f/p - two-headed ogre
Aim: a two-headed ogre, wielding a +0 giant club and a +0 giant spiked club (heavily wounded, confused, 87% to hit)
You shoot an arrow. The arrow hits the two-headed ogre!!
The two-headed ogre is almost dead.
The two-headed ogre seems less confused.
The two-headed ogre hits you with a +0 giant club!!
Ouch! That really hurt!
The two-headed ogre hits you with a +0 giant spiked club!
* * * LOW HITPOINT WARNING * * *
The two-headed ogre hits you with a +0 giant club!!
You die...

#.# #.#. .#
####.######.#. .
#.........#.#. .#
#.##.###....#. .
##.##.##.###.#.
°###..##....# #.<.
##..########.###...
+.O.# ##...###
##########@#
##....)
.........#.# ######
.#######...# ##
#.### #.
#######.####### #.
#................#
#.
#..#######.#####.#
#. #... ..# #.# #.#
##. #..# #.# #.#
#.# ##..


You could see a two-headed ogre.

Vanquished Creatures
  A hornet (D:8)
  A wyvern (D:8)
  A wraith (D:6)
  A steam dragon (D:8)
  Menkaure (D:6)
  2 water moccasins
  An ice beast (D:7)
  2 sky beasts
  2 black bears
  A centaur (D:6)
  2 phantoms (D:5)
  A kobold brigand (D:8)
  4 bullfrogs
  3 necrophages
  4 scorpions
  13 wights
  5 killer bees (D:7)
  2 electric eels (D:6)
  A howler monkey (D:5)
  4 hounds
  2 gnoll boudas
  5 orc priests
  2 jellies
  Jessica (D:2)
  2 iguanas (D:5)
  8 orc wizards
  13 gnolls
  10 adders
  A shadow imp (D:6)
  A white imp (D:6)
  2 worms
  6 dart slugs
  36 orcs
  14 ball pythons
  6 endoplasms
  4 giant cockroaches
  4 goblins
  9 hobgoblins
  14 kobolds
  11 quokkas
  4 bats (D:2)
  6 frilled lizards
  27 rats
240 creatures vanquished.

Vanquished Creatures (collateral kills)
  A hound (D:7)
1 creature vanquished.

Vanquished Creatures (others)
  194 foxfires
  22 plants
216 creatures vanquished.

Grand Total: 457 creatures vanquished

Notes
Turn   | Place    | Note
-------+----------+-------------------------------------------
     0 | D:1      | pokeman the Deep Elf Hedge Wizard began the quest for the
                  | Orb.
     0 | D:1      | Reached XP level 1. HP: 10/10 MP: 7/7
   144 | D:1      | Reached XP level 2. HP: 6/16 MP: 2/9
   800 | D:1      | Reached skill level 5 in Spellcasting
  1290 | D:2      | Reached XP level 3. HP: 10/20 MP: 4/11
  1294 | D:2      | Learned a level 3 spell: Mephitic Cloud
  1297 | D:2      | Learned a level 2 spell: Call Imp
  1300 | D:2      | Learned a level 2 spell: Blink
  1498 | D:2      | Reached skill level 1 in Armour
  1540 | D:2      | Reached skill level 1 in Fighting
  1605 | D:2      | Noticed Jessica
  1609 | D:2      | Killed Jessica
  1610 | D:2      | Reached XP level 4. HP: 25/25 MP: 6/13
  2443 | D:3      | Found an ancient bone altar of Kikubaaqudgha.
  2501 | D:3      | Reached skill level 6 in Spellcasting
  2501 | D:3      | Reached XP level 5. HP: 29/29 MP: 10/15
  2683 | D:3      | Found a broken altar of Ashenzari.
  2688 | D:3      | Saw a vision of the Shoals and the Spider Nest.
  2688 | D:3      | Noticed a sea snake
  2688 | D:3      | Noticed a merfolk siren
  2688 | D:3      | Noticed a steelbarb worm
  2688 | D:3      | Noticed a tarantella
  2688 | D:3      | Noticed a manticore
  2688 | D:3      | Noticed a culicivora
  2688 | D:3      | Noticed a water nymph
  2688 | D:3      | Noticed a snapping turtle
  2688 | D:3      | Noticed a merfolk
  2688 | D:3      | Noticed a sea snake
  2688 | D:3      | Noticed a tarantella
  2688 | D:3      | Noticed a sea snake
  2688 | D:3      | Noticed a demonic crawler
  2688 | D:3      | Noticed a sea snake
  2688 | D:3      | Noticed a jumping spider
  2688 | D:3      | Noticed a tarantella
  2688 | D:3      | Noticed a merfolk
  2688 | D:3      | Noticed a redback
  2688 | D:3      | Noticed a demonic crawler
  2688 | D:3      | Noticed a wolf spider
  2689 | D:3      | Noticed a merfolk
  2689 | D:3      | Noticed a redback
  2689 | D:3      | Noticed a torpor snail
  2690 | D:3      | Noticed a tarantella
  2690 | D:3      | Noticed a jorogumo
  2690 | D:3      | Noticed a demonic crawler
  3047 | D:4      | Identified the ring "Nub Nym" {Str+2 Int+6}
  3128 | D:4      | Found a glowing drain.
  3235 | Sewer    | Entered a sewer
  3356 | Sewer    | Reached skill level 1 in Air Magic
  3460 | Sewer    | Reached skill level 1 in Poison Magic
  3591 | Sewer    | Reached skill level 1 in Evocations
  3591 | Sewer    | Reached XP level 6. HP: 9/34 MP: 8/17
  3598 | Sewer    | Reached skill level 7 in Spellcasting
  3930 | D:4      | Noticed a water moccasin
  4190 | D:4      | Killed a water moccasin
  4191 | D:4      | Reached XP level 7. HP: 36/39 MP: 14/20
  4675 | D:5      | Entered Level 5 of the Dungeon
  4675 | D:5      | Found Egiublua's Magic Scroll Boutique.
  4683 | D:5      | Bought a scroll of teleportation for 33 gold pieces
  4683 | D:5      | Bought a scroll of identify for 22 gold pieces
  4683 | D:5      | Bought a scroll of identify for 22 gold pieces
  4683 | D:5      | Bought a scroll of identify for 22 gold pieces
  4705 | D:5      | Reached skill level 8 in Spellcasting
  4945 | D:5      | You fall into a shaft and drop 1 floor!
  4947 | D:6      | Found a staircase to the Ecumenical Temple.
  4956 | Temple   | Entered the Ecumenical Temple
  4992 | Temple   | Became a worshipper of Vehumet
  5101 | D:5      | Found Ulewaut's Magic Scroll Boutique.
  5104 | D:5      | Bought a scroll of blinking for 90 gold pieces
  5104 | D:5      | Bought a scroll of identify for 24 gold pieces
  5189 | D:5      | Reached XP level 8. HP: 44/44 MP: 12/22
  5999 | D:6      | Reached skill level 9 in Spellcasting
  6252 | D:6      | Reached skill level 1 in Shields
  6252 | D:6      | Reached skill level 5 in Conjurations
  6351 | D:6      | Identified the +7 longbow of the Living Dead {heavy, Str+2}
  6598 | D:6      | Found an opulent altar of Gozag.
  6602 | D:6      | Found a bloodstained altar of Trog.
  6607 | D:6      | Found a glowing golden altar of the Shining One.
  6647 | D:6      | Noticed Menkaure
  6679 | D:6      | Killed Menkaure
  6680 | D:6      | Reached skill level 10 in Spellcasting
  7314 | D:6      | Reached * piety under Vehumet
  7314 | D:6      | Offered knowledge of Foxfire by Vehumet.
  7323 | D:6      | Learned a level 1 spell: Foxfire
  7579 | D:6      | Reached XP level 9. HP: 47/48 MP: 9/25
  7862 | D:7      | Reached skill level 1 in Fire Magic
  7977 | D:7      | Reached skill level 11 in Spellcasting
  8374 | D:7      | Reached skill level 5 in Summonings
  8538 | D:7      | Found a snail-covered altar of Cheibriados.
  8539 | D:7      | Found a hazy altar of Hepliaklqana.
  8890 | D:7      | Reached ** piety under Vehumet
  9104 | D:8      | Offered knowledge of Searing Ray by Vehumet.
  9115 | D:8      | Reached skill level 12 in Spellcasting
  9306 | D:8      | Reached XP level 10. HP: 53/53 MP: 18/28
  9860 | D:8      | Found a hide-covered altar of Uskayaw.
  9934 | D:8      | Noticed a two-headed ogre
  9938 | D:8      | Mangled by a two-headed ogre

Illustrated notes

Levels and vault maps discovered:
D:1:      amcnicky_arrival_single_pillar, layout_basic, serial_glass,
          glass_columns_a, glass_columns_a
D:2:      layout_basic, minmay_misc_feat_chi, uniq_jessica
D:3:      layout_rooms, mainiacjoe_overflow_tiny_flanked,
          grunt_ashenzari_visionary [grunt_ashenzari_visionary_shoals,
          grunt_ashenzari_visionary_spider], minmay_cupped
D:4:      layout_loops_ring, portal_sewer_entry_f, hangedman_decor_slide_cut,
          chequers_serial_rivers_small_3, serial_bayou_pond_c,
          minmay_misc_feat_pillars, hex_medium
D:5:      layout_basic, serial_shops, kennysheep_mini_moat, nicolae_shop_stone,
          hex_intersection, kennysheep_generic_room_13
D:6:      layout_loops_ring, grunt_temple_overflow_diamond,
          minmay_temple_entry_junction_2, grunt_decor_fettered,
          chequers_big_river, eino_tiny_chamber, mrwooster_statue_mirror,
          minmay_misc_feat_tiny, moated_statue, uniq_menkaure
D:7:      layout_loops_ring, gammafunk_temple_overflow_pools
D:8:      minmay_razor_zed, layout_loops_ring, lemuel_doored_altar,
          grunt_ministairs_15
Temple:   nicolae_temple_bog_church

Skill      XL: |  1  2  3  4  5  6  7  8  9 10 |
---------------+-------------------------------+-----
Spellcasting   | 5 6 7 8 10 12 | 12.5
Armour         | 1 2 3 |  3.0
Fighting       | 1 2 |  2.1
Conjurations   | 2 3 4 5 6 7 |  7.1
Dodging        | 3 |  3.0
Stealth        | 3 |  3.1
Air Magic      | 1 |  1.0
Poison Magic   | 1 |  1.0
Evocations     | 1 2 |  2.1
Summonings     | 2 4 5 |  5.9
Shields        | 2 3 |  3.0
Fire Magic     | 3 |  3.9
Translocations | |  1.1

Action                   |  1- 3 |  4- 6 |  7- 9 | 10-12 || total
-------------------------+-------+-------+-------+-------++-------
Melee: Dagger            |    15 |       |       |       ||    15
 Fire: Sling             |       |   109 |    32 |       ||   141
       Longbow           |       |       |    97 |    10 ||   107
 Cast: Magic Dart        |    94 |   106 |   123 |     1 ||   324
       Mephitic Cloud    |     1 |     1 |    17 |     3 ||    22
       Blink             |       |     1 |     3 |       ||     4
       Foxfire           |       |       |    78 |    39 ||   117
       Call Imp          |       |       |     6 |       ||     6
 Stab: Confused          |     1 |       |       |       ||     1
Armor: Robe              |     6 |    19 |    12 |       ||    37
       Leather armour    |       |       |    14 |     2 ||    16
Dodge: Dodged            |    22 |    54 |    95 |     2 ||   173

Table legend: (Time is in decaauts)
 A = Elapsed time spent in this place.
 B = Non-inter-level travel time spent in this place.
 C = Inter-level travel time spent in this place.
 D = Time resting spent in this place.
 E = Time spent auto-exploring this place.
 F = Levels seen in this place.
 G = Mean time per level.
                   A        B        C        D        E       F      G
               +--------+--------+--------+--------+--------+-----+--------+
         Total |  10265 |   9924 |    341 |    325 |   7792 |  10 | 1026.5 |
       Dungeon |   9540 |   9221 |    319 |    243 |   7468 |   8 | 1192.5 |
        Temple |     60 |     38 |     22 |      0 |     26 |   1 |   60.0 |
         Sewer |    664 |    664 |      0 |     82 |    296 |   1 |  664.0 |
               +--------+--------+--------+--------+--------+-----+--------+

Top non-repeatable levels by time:
     D:6: 1950 daAuts
     D:1: 1282 daAuts
     D:5: 1230 daAuts
     D:7: 1181 daAuts
     D:4: 1114 daAuts
     D:2: 1045 daAuts
     D:8: 1027 daAuts
     D:3: 708 daAuts
   Sewer: 664 daAuts
  Temple: 60 daAuts
